 Dungeon Sprint DCSS version 0.31-a0-37-g98a128e1d9 (webtiles) character file.

Game seed: 14447174265966368351

409 bmack86 the Cleaver (level 6, 0/61 HPs)
             Began as a Minotaur Fighter on May 15, 2023.
             Was a Follower of Okawaru.
             Slain by a shadow wraith (16 damage)
             ... in the Dungeon (Sprint VII: "The Pits").
             The game lasted 00:03:40 (476 turns).

bmack86 the Cleaver (Minotaur Fighter)               Turns: 476, Time: 00:03:40

Health: 0/61       AC: 17    Str: 23    XL:     6   Next: 58%
Magic:  7/9        EV:  8    Int:  5    God:    Okawaru [*.....]
Gold:   0          SH:  6    Dex:  9    Spells: 5/5 levels left

rFire   . . .        a - +0 war axe
rCold   + . .        c - +0 buckler
rNeg    . . .        m - +2 plate armour {rC+}
rPois   .            (helmet restricted)
rElec   .            (no cloak)
rCorr   .            (no gloves)
SInv    .            (no boots)
Will    .....        (no amulet) Stlth
                     (no ring)
HPRegen 0.30/turn    (no ring)
MPRegen 0.11/turn

%: no teleportation
@: heroic, slowed, very slow
A: horns 2, retaliatory headbutt
a: Renounce Religion, Heroism


You were in the Dungeon.
You worshipped Okawaru.
Okawaru was aware of your devotion.
You visited 1 branch

Inventory:

Hand Weapons
 a - a +0 war axe (weapon)
Armour
 b - a +0 scale mail
 c - a +0 buckler (worn)
 m - a +2 plate armour of cold resistance (worn)
Scrolls
 j - a scroll of blinking
 l - 5 scrolls of amnesia
Potions
 d - a potion of might
 e - 6 potions of curing
 f - 6 potions of heal wounds
 g - a potion of haste
 h - 4 potions of magic
 i - 3 potions of berserk rage
 k - 2 potions of invisibility


   Skills:
 + Level 8.0(13.0) Fighting
 * Level 10.3(15.3) Axes
 + Level 7.9(12.9) Armour
 + Level 7.8(12.8) Shields
 + Level 5.3 Invocations


You had 5 spell levels left.
You didn't know any spells.
Your spell library was empty.

Dungeon Overview and Level Annotations

Branches:
Dungeon (1/1)

Altars:
Ashenzari
Cheibriados
Dithmenos
Elyvilon
Fedhas
Gozag
Hepliaklqana
Kikubaaqudgha
Makhleb
Nemelex Xobeh
Okawaru
Qazlal
Ru
Sif Muna
Trog
Uskayaw
Vehumet
Wu Jian
Xom
Yredelemnul
Zin
The Shining One
Jiyva
Lugonu


Innate Abilities, Weirdness & Mutations

You have a pair of horns on your head.
You reflexively headbutt those who attack you in melee.


Message History

The gnoll bouda hits you but does no damage.
You slash the gnoll bouda!
You kill the gnoll bouda!
Okawaru accepts your kill.
You slice the quokka zombie!!
You destroy the quokka zombie!
Okawaru accepts your kill.
There is an open door, spattered with blood here.
Items here: )))))))) [[[ ††††.
Okay, then.
You start resting.
HP restored.
You open the door.
A river rat comes into view.
You slash the river rat!
You kill the river rat!
Okawaru accepts your kill.
Your Fighting skill increases to level 8!
There is an open door here.
You open the door.
You hear a chilling moan.
Deactivating autopickup; reactivate with Ctrl-A.
You hit something. You block something's attack.
You barely miss something. You block something's attack.
You barely miss something. Your headbutt misses something.
Something hits you but does no damage.
You slash something! You headbutt something. Something hits you!
Something drains your vigour!
You feel yourself slow down.
You barely miss something. Something hits you!
Something hits you but does no damage.
You hit something but do no damage. Something hits you!
Something drains your vigour!
You feel as though you will be slow longer.
Something hits you!
* * * LOW HITPOINT WARNING * * *
Something drains your vigour!
You feel as though you will be slow longer.
You gain the combat prowess of a mighty hero.
Something hits you!
You die...

#)#........##.......#
#)###########.......#
#.......# #########
#...#...# #...#...#
#.##.##.#+#
#...#...#.+
#...#...#{#
#.......'@#
###########


There were no monsters in sight!

Vanquished Creatures
  An ogre (D)
  A scorpion (D)
  2 orc priests (D)
  A gnoll bouda (D)
  An iron imp (D)
  2 orc wizards (D)
  5 gnolls (D)
  An adder (D)
  2 river rats (D)
  A worm (D)
  3 orcs (D)
  6 jackals (D)
  A ball python zombie (D)
  A frilled lizard (D)
  A quokka zombie (D)
  A rat (D)
30 creatures vanquished.

Notes
Turn   | Place    | Note
-------+----------+-------------------------------------------
     0 | D        | bmack86 the Minotaur Fighter began the quest for the Orb.
     0 | D        | Reached XP level 1. HP: 19/19 MP: 0/0
    35 | D        | Reached skill level 4 in Axes
    35 | D        | Reached XP level 2. HP: 27/27 MP: 1/1
    39 | D        | Found a bloodstained altar of Trog.
    39 | D        | Found a shimmering blue altar of Sif Muna.
    39 | D        | Found a viscous altar of Jiyva.
    39 | D        | Found a hazy altar of Hepliaklqana.
    39 | D        | Found an opulent altar of Gozag.
    40 | D        | Found a glowing golden altar of the Shining One.
    40 | D        | Found a glowing silver altar of Zin.
    40 | D        | Found a basalt altar of Yredelemnul.
    40 | D        | Found a shimmering altar of Xom.
    40 | D        | Found an ornate altar of the Wu Jian Council.
    40 | D        | Found a sacrificial altar of Ru.
    40 | D        | Found a stormy altar of Qazlal.
    40 | D        | Found an iron altar of Okawaru.
    40 | D        | Found a sparkling altar of Nemelex Xobeh.
    40 | D        | Found a burning altar of Makhleb.
    40 | D        | Found a blossoming altar of Fedhas.
    40 | D        | Found a white marble altar of Elyvilon.
    40 | D        | Found a shadowy altar of Dithmenos.
    40 | D        | Found a snail-covered altar of Cheibriados.
    42 | D        | Found a radiant altar of Vehumet.
    42 | D        | Found a corrupted altar of Lugonu.
    43 | D        | Found a hide-covered altar of Uskayaw.
    43 | D        | Found an ancient bone altar of Kikubaaqudgha.
    43 | D        | Found a broken altar of Ashenzari.
    48 | D        | Became a worshipper of Warmaster Okawaru
    99 | D        | Noticed a scorpion
   101 | D        | Killed a scorpion
   102 | D        | Reached skill level 5 in Fighting
   102 | D        | Reached skill level 6 in Axes
   102 | D        | Reached skill level 5 in Armour
   102 | D        | Reached skill level 5 in Shields
   102 | D        | Reached XP level 3. HP: 29/36 MP: 1/3
   102 | D        | Reached XP level 4. HP: 34/42 MP: 1/4
   186 | D        | Reached skill level 7 in Axes
   311 | D        | Noticed an ogre
   319 | D        | Reached XP level 5. HP: 50/50 MP: 6/6
   323 | D        | Reached skill level 8 in Axes
   324 | D        | Killed an ogre
   324 | D        | Reached * piety under Okawaru
   325 | D        | Reached skill level 9 in Axes
   325 | D        | Reached XP level 6. HP: 60/60 MP: 6/8
   358 | D        | Reached skill level 5 in Invocations
   365 | D        | Reached skill level 10 in Axes
   476 | D        | Slain by a shadow wraith

Illustrated notes

Levels and vault maps discovered:
D:        pitsprint [storerooms_1, entrance_room_1, metal_vault_1, armoury_1,
          mini_pit_1, grid_room_1, main_hall_1, silver_pit, the_coven_3,
          the_vestibule_1, steel_vault_4, golden_pit, hallway_of_sentries,
          crystal_vault_6, iron_vault_1, final_vault]

Skill      XL: |  1  2  3  4  5  6 |
---------------+-------------------+-----
Fighting       | 4 5 6 7 8 |  8.0
Axes           | 4 6 7 9 10 | 10.3
Armour         | 4 5 6 7 |  7.9
Shields        | 4 5 6 7 |  7.8
Invocations    | 2 3 4 5 |  5.3

Action                     |  1- 3 |  4- 6 || total
---------------------------+-------+-------++-------
  Melee: War axe           |     8 |    70 ||    78
         Headbutt          |     1 |    16 ||    17
 Invoke: Heroism           |       |     2 ||     2
 Armour: Scale mail        |     3 |    10 ||    13
         Plate armour      |       |    22 ||    22
  Dodge: Dodged            |     1 |    19 ||    20
  Block: Buckler           |     1 |    15 ||    16

Table legend: (Time is in decaauts)
 A = Elapsed time spent in this place.
 B = Non-inter-level travel time spent in this place.
 C = Inter-level travel time spent in this place.
 D = Time resting spent in this place.
 E = Time spent auto-exploring this place.
 F = Levels seen in this place.
 G = Mean time per level.
                   A        B        C        D        E       F      G
               +--------+--------+--------+--------+--------+-----+--------+
         Total |    483 |    483 |      0 |    174 |      0 |   1 |  483.0 |
       Dungeon |    483 |    483 |      0 |    174 |      0 |   1 |  483.0 |
               +--------+--------+--------+--------+--------+-----+--------+

Top non-repeatable levels by time:
       D: 483 daAuts
